 Dungeon Crawl Stone Soup version 0.30.1-9-gdf580d7c3d (webtiles) character file.

Game seed: 12398621354251381320

15418 slartie the Basher (level 12, -15/165 HPs)
             Began as a Minotaur Berserker on Oct 15, 2023.
             Was an Elder of Trog.
             Demolished by a skyshark (16 damage)
             ... on level 3 of the Lair of Beasts.
             The game lasted 00:38:18 (12878 turns).

slartie the Basher (Minotaur Berserker)            Turns: 12878, Time: 00:38:19

Health: -15/165    AC: 20    Str: 25    XL:     12   Next: 1%
Magic:  11/11      EV:  7    Int:  6    God:    Trog [****..]
Gold:   495        SH: 10    Dex: 10    Spells: 11/11 levels left

rFire   . . .        D - +4 flail
rCold   . . .        E - +2 kite shield
rNeg    . . .        Q - +0 plate armour
rPois   +            (helmet restricted)
rElec   .            I - +0 cloak
rCorr   .            p - +0 pair of gloves
SInv    .            m - +1 pair of boots {rampage}
Will    .....        (no amulet) Stlth
                     G - ring of poison resistance
HPRegen 0.47/turn    R - +4 ring of slaying
MPRegen 0.12/turn

%: rampage
@: berserking, very quick
A: horns 2, retaliatory headbutt
a: Renounce Religion, Berserk, Trog's Hand, Brothers in Arms


You were on level 3 of the Lair of Beasts.
You worshipped Trog.
Trog was greatly pleased with you.
You visited 2 branches of the dungeon, and saw 13 of its levels.

You collected 827 gold pieces.
You spent 332 gold pieces at shops.

Inventory:

Hand Weapons
 n - a +0 war axe of freezing
 D - a +4 flail (weapon)
Missiles
 o - 9 javelins (quivered)
Armour
 m - a +1 pair of boots of rampaging (worn)
 p - a +0 pair of gloves (worn)
 E - a +2 kite shield (worn)
 I - a +0 cloak (worn)
 Q - a +0 plate armour (worn)
Jewellery
 G - a ring of poison resistance (left hand)
 R - a +4 ring of slaying (right hand)
 T - a +6 ring of dexterity
Wands
 i - a wand of digging (7)
 k - a wand of flame (8)
 t - a wand of quicksilver (18)
 u - a wand of iceblast (20)
 S - a wand of mindburst (16)
Scrolls
 e - 2 scrolls of brand weapon
 f - 2 scrolls of fear
 l - 2 scrolls of immolation
 r - 3 scrolls of magic mapping
 w - a scroll of acquirement
 x - 2 scrolls of blinking
 y - 5 scrolls of enchant armour
 z - 6 scrolls of teleportation
 A - 3 scrolls of enchant weapon
 J - a scroll of summoning {unknown}
 N - 2 scrolls of poison
Potions
 a - a potion of magic {unknown}
 b - 10 potions of curing
 c - 3 potions of attraction {unknown}
 d - a potion of brilliance {unknown}
 g - 4 potions of haste {unknown}
 h - 4 potions of might {unknown}
 j - 2 potions of invisibility {unknown}
 s - a potion of resistance {unknown}
 v - 2 potions of mutation {unknown}
 C - 4 potions of lignification {unknown}
 F - a potion of degeneration {unknown}
 H - a potion of heal wounds {unknown}
 O - a potion of flight {unknown}
Miscellaneous
 U - a phial of floods


   Skills:
 + Level 11.0 Fighting
 + Level 8.0(12.3) Axes
 + Level 14.5(15.3) Maces & Flails
 + Level 3.3 Throwing
 + Level 11.1 Armour
 + Level 3.4 Dodging
 + Level 1.2 Stealth
 + Level 5.1 Shields
 + Level 0.2 Evocations


You had 11 spell levels left.
You didn't know any spells.
Your spell library was empty.

Dungeon Overview and Level Annotations

Branches:
Dungeon (10/15)            Temple (0/1) D:5            Lair (3/5) D:10
    Orc (0/2) D:10
  Swamp: Lair:2-3    Shoals: Lair:2-3     Snake: Lair:2-3    Spider: Lair:2-3

Altars:
Ashenzari
Cheibriados
Dithmenos
Xom

Shops:
D:2 (   D:7 ?   D:8 =(*   D:10 [

Annotations:
D:10 exclusion: oklob plant


Innate Abilities, Weirdness & Mutations

You have a pair of horns on your head.
You reflexively headbutt those who attack you in melee.


Message History

The skyshark is heavily wounded.
The skyshark bites you! The skyshark tail-slaps you.
You block the skyshark's attack.
You barely miss the skyshark.
You headbutt the skyshark, but do no damage.
The skyshark is heavily wounded.
The skyshark bites you. The skyshark barely misses you.
The skyshark tail-slaps you but does no damage.
You hit the skyshark.
The skyshark is heavily wounded.
The skyshark bites you!!
The skyshark tail-slaps you but does no damage.
The skyshark tail-slaps you!
* * * LOW HITPOINT WARNING * * *
The skyshark barely misses you.
The skyshark tail-slaps you but does no damage.
The skyshark tail-slaps you!
* * * LOW HITPOINT WARNING * * *
A red film seems to cover your vision as you go berserk!
You feel yourself moving faster!
You feel mighty! The skyshark bites you!
* * * LOW HITPOINT WARNING * * *
The skyshark tail-slaps you.
* * * LOW HITPOINT WARNING * * *
You block the skyshark's attack.
You hit the skyshark but do no damage.
The skyshark is heavily wounded.
The skyshark bites you!
* * * LOW HITPOINT WARNING * * *
The skyshark barely misses you.
The skyshark tail-slaps you but does no damage.
You thump the skyshark! You headbutt the skyshark.
The skyshark is severely wounded.
The skyshark bites you!
* * * LOW HITPOINT WARNING * * *
You block the skyshark's attack.
The skyshark tail-slaps you but does no damage.
You sock the skyshark!
The skyshark is severely wounded.
The skyshark bites you!
You die...

.............
........................
........................
..................#.....
..................##....
........................
...........#..........##
......l.....#P.......#..
.......@...P.........#..
........................
........................
.#.................##..#
............#..........#
|##.#....#..####.#.##P.#
###..#....# #.#######
#####.### ### ##


You could see a skyshark (berserk).

Vanquished Creatures
  2 two-headed ogres (D:10)
  3 death yaks (Lair:1)
  The ghost of VerbalBBQ the Cleaver, a novice FoFi of Okawaru (D:8)
  A torpor snail (Lair:2)
  4 cane toads (Lair:1)
  A rime drake (Lair:1)
  A komodo dragon (Lair:1)
  2 trolls (D:10)
  2 shadows (D:8)
  Sigmund (D:2)
  33 yaks
  A wyvern (Lair:3)
  2 steam dragons
  2 basilisks
  4 water moccasins
  3 orc warriors
  A sky beast (D:8)
  2 ice beasts (D:7)
  A black bear (Lair:1)
  An ogre (D:6)
  3 wolves (Lair:2)
  3 centaurs
  A phantom (D:5)
  Blork the orc (D:6)
  2 kobold brigands
  5 bullfrogs
  3 scorpions
  5 wights (D:7)
  3 killer bees (D:8)
  2 howler monkeys
  2 jellies
  3 orc priests
  3 hounds
  A sleepcap (D:5)
  3 iguanas
  5 orc wizards
  8 adders
  A white imp (D:7)
  3 worms
  A dart slug (D:1)
  16 orcs
  3 bats
  6 endoplasms
  2 giant cockroaches
  6 goblins
  8 hobgoblins
  8 jackals
  17 kobolds
  8 quokkas
  7 ball pythons
  3 frilled lizards
  3 rats
213 creatures vanquished.

Vanquished Creatures (collateral kills)
  A yak (D:9)
  A black bear (D:6)
  A bullfrog (D:8)
  A howler monkey (D:8)
  A jelly (D:6)
  An orc wizard (D:9)
  2 orcs
8 creatures vanquished.

Vanquished Creatures (others)
  A bullfrog (D:6)
  An orc (D:10)
  A kobold (D:9)
3 creatures vanquished.

Grand Total: 224 creatures vanquished

Notes
Turn   | Place    | Note
-------+----------+-------------------------------------------
     0 | D:1      | slartie the Minotaur Berserker began the quest for the Orb.
     0 | D:1      | Reached XP level 1. HP: 19/19 MP: 0/0
   187 | D:1      | Reached XP level 2. HP: 27/27 MP: 1/1
   723 | D:2      | Reached XP level 3. HP: 32/33 MP: 2/2
   726 | D:2      | Reached ** piety under Trog
   796 | D:2      | Noticed Sigmund
   825 | D:2      | Killed Sigmund
   826 | D:2      | Reached skill level 5 in Axes
   826 | D:2      | Reached XP level 4. HP: 41/41 MP: 3/3
   826 | D:2      | Reached XP level 5. HP: 47/47 MP: 4/4
  1419 | D:2      | Found Salawn's Weapon Shoppe.
  1425 | D:2      | Bought a +0 war axe of freezing for 99 gold pieces
  1585 | D:3      | Reached skill level 5 in Fighting
  1754 | D:3      | Found a faded altar of an unknown god.
  1776 | D:3      | You fall into a shaft and drop 1 floor!
  2250 | D:4      | Reached skill level 1 in Throwing
  2250 | D:4      | Reached XP level 6. HP: 56/56 MP: 5/5
  2412 | D:4      | Reached *** piety under Trog
  3239 | D:5      | Entered Level 5 of the Dungeon
  3377 | D:5      | Reached XP level 7. HP: 46/61 MP: 6/6
  3481 | D:5      | Reached skill level 1 in Maces & Flails
  3498 | D:5      | Found a staircase to the Ecumenical Temple.
  3519 | D:5      | Reached skill level 2 in Maces & Flails
  3633 | D:5      | Reached skill level 3 in Maces & Flails
  3655 | D:5      | Found a snail-covered altar of Cheibriados.
  3666 | D:5      | Reached skill level 4 in Maces & Flails
  3689 | D:5      | Found a shadowy altar of Dithmenos.
  3689 | D:5      | Found a broken altar of Ashenzari.
  3828 | D:6      | Noticed Blork the orc
  3845 | D:6      | Killed Blork the orc
  3892 | D:6      | Identified the +1 whip of the Lesser Evil {freeze, rN++
                  | Int+5 Dex-3}
  3996 | D:6      | Reached skill level 5 in Maces & Flails
  4027 | D:6      | Reached skill level 6 in Maces & Flails
  4027 | D:6      | Reached XP level 8. HP: 55/68 MP: 7/7
  4033 | D:6      | Reached skill level 7 in Maces & Flails
  5159 | D:7      | Reached skill level 8 in Maces & Flails
  5169 | D:7      | Reached skill level 9 in Maces & Flails
  5606 | D:7      | Reached skill level 10 in Maces & Flails
  5767 | D:7      | Reached XP level 9. HP: 52/74 MP: 8/8
  6371 | D:7      | Found Byoddait's Magic Scroll Shop.
  6378 | D:7      | Bought a scroll of identify for 26 gold pieces
  6378 | D:7      | Bought a scroll of enchant weapon for 97 gold pieces
  6378 | D:7      | Bought a scroll of enchant armour for 97 gold pieces
  6378 | D:7      | Bought a scroll of noise for 13 gold pieces
  6386 | D:7      | Identified a scroll of acquirement
  6443 | D:8      | Found Ewial's Assorted Antiques.
  6540 | D:8      | Reached skill level 5 in Armour
  6548 | D:8      | Reached skill level 11 in Maces & Flails
  6687 | D:8      | Found Birphouz's Jewellery Emporium.
  6904 | D:8      | Reached **** piety under Trog
  6941 | D:8      | Found Vashri's Weapon Shop.
  7093 | D:8      | Found a runed translucent gate.
  7093 | D:8      | Found a runed translucent gate.
  7093 | D:8      | Found a runed translucent gate.
  7398 | D:8      | Noticed VerbalBBQ's ghost (novice FoFi)
  7431 | D:8      | Killed VerbalBBQ's ghost
  8005 | D:9      | Identified the +1 leather armour of Naarghe {rF++ rC+}
  8236 | D:9      | Reached XP level 10. HP: 69/86 MP: 9/9
  8238 | D:9      | Reached skill level 12 in Maces & Flails
  8855 | D:10     | Entered Level 10 of the Dungeon
  8878 | D:10     | Reached skill level 1 in Stealth
  8905 | D:10     | Found Duffosoa's Armour Shoppe.
  8907 | D:10     | Found a staircase to the Orcish Mines.
  9022 | D:10     | Noticed an oklob plant
  9299 | D:10     | Found a staircase to the Lair.
  9377 | D:10     | Noticed a two-headed ogre
  9384 | D:10     | Killed a two-headed ogre
  9502 | D:10     | Found a shimmering altar of Xom.
  9539 | D:10     | Noticed a two-headed ogre
  9546 | D:10     | Killed a two-headed ogre
 10052 | Lair:1   | Entered Level 1 of the Lair of Beasts
 10053 | Lair:1   | Noticed a cane toad
 10071 | Lair:1   | Killed a cane toad
 10245 | Lair:1   | Noticed a death yak
 10245 | Lair:1   | Noticed a death yak
 10251 | Lair:1   | Noticed a death yak
 10256 | Lair:1   | Killed a death yak
 10257 | Lair:1   | Reached skill level 13 in Maces & Flails
 10257 | Lair:1   | Reached skill level 1 in Shields
 10263 | Lair:1   | Killed a death yak
 10264 | Lair:1   | Reached XP level 11. HP: 79/95 MP: 10/10
 10270 | Lair:1   | Killed a death yak
 10504 | Lair:1   | Reached skill level 10 in Armour
 11187 | Lair:1   | Reached skill level 14 in Maces & Flails
 11820 | Lair:2   | Reached skill level 10 in Fighting
 12187 | Lair:2   | Noticed a lindwurm
 12261 | Lair:2   | Noticed a lindwurm
 12379 | Lair:2   | HP: 5/151 [water moccasin (5)]
 12385 | Lair:2   | Reached skill level 5 in Shields
 12793 | Lair:2   | Noticed a lindwurm
 12828 | Lair:3   | Reached XP level 12. HP: 107/110 MP: 11/11
 12877 | Lair:3   | HP: 1/165 [skyshark (15)]
 12878 | Lair:3   | Demolished by a skyshark

Illustrated notes

Levels and vault maps discovered:
D:1:      kilobyte_arrival_exit_the_forest, layout_rooms, minmay_tetromino_s4
D:2:      layout_loops_cross, serial_shops, shop, minmay_cut_off,
          uniq_crazy_yiuf_cottage, uniq_sigmund
D:3:      layout_basic, ebering_ecumenical_altar_abandoned, grunt_ministairs_10,
          roderic_serpentine_path
D:4:      layout_basic, minmay_misc_feat_square, amcnicky_mini_pool_small
D:5:      layout_basic, grunt_temple_overflow_diamond,
          minmay_temple_entry_offerings
D:6:      layout_gridville, serial_co_window_serial, co_window_cross_1,
          co_window_paths_b, co_window_paths_a, co_window_corner_a,
          co_window_paths_a, co_window_corner_a, co_window_corner_a,
          co_window_cross_1, co_window_paths_a, co_window_cross_2,
          co_window_broadway_a, co_window_unsneaky_path_d,
          co_window_unsneaky_path_c, co_window_paths_c, co_window_corner_b,
          co_window_paths_d, glass_columns_b, glass_columns_b, glass_columns_c,
          glass_columns_c, kennysheep_generic_room_14, uniq_blork_the_orc
D:7:      layout_basic, serial_shops, nicolae_shop_advertising_works
          [nicolae_subvault_shop_adworks], serial_curves, eino_curves_04,
          eino_curves_01, eino_curves_03, minmay_misc_feat_ornament,
          grunt_ministairs_4
D:8:      layout_basic, serial_shops, shop, shop, nicolae_shop_crystal,
          gammafunk_ghost_spectres
D:9:      layout_basic
D:10:     layout_stronghold, xom_teletrap_fun, dpeg_oklobed_lair, orc_david_3,
          serial_glass, glass_columns_c, glass_columns_a, glass_columns_b,
          glass_columns_c, glass_columns_b, glass_columns_a,
          due_unseen_surprise, feat_on_display, minmay_strange_pillars,
          minmay_strange_pillars, dreamdust_mushroom_princess,
          minmay_misc_feat_doors
Lair:1:   layout_cave_pods, nicolae_volcano_entry_s_turn,
          infiniplex_staircase_pool_2
Lair:2:   layout_long_grid, chequers_serial_rivers_micro_b, minmay_lindwurm_lava
Lair:3:   layout_cave_shapes, elwin_shoals_entry_rocks,
          guppyfry_snake_entry_island, grunt_megastairs_5

Skill      XL: |  1  2  3  4  5  6  7  8  9 10 11 |
---------------+----------------------------------+-----
Axes           | 4 5 7 8 |  8.0
Fighting       | 4 5 7 8 11 | 11.0
Armour         | 4 7 9 11 | 11.1
Dodging        | 3 |  3.4
Throwing       | 1 3 |  3.3
Maces & Flails | 6 10 11 13 14 | 14.5
Stealth        | 1 |  1.2
Shields        | 1 5 |  5.1
Evocations     | |  0.2

Action                     |  1- 3 |  4- 6 |  7- 9 | 10-12 || total
---------------------------+-------+-------+-------+-------++-------
  Melee: Hand axe          |    65 |    43 |       |       ||   108
         Headbutt          |     7 |    11 |    32 |    78 ||   128
         Punch             |     1 |       |       |       ||     1
         War axe           |       |    79 |     2 |       ||    81
         Flail             |       |       |   193 |   292 ||   485
  Throw: Stone             |     5 |    27 |       |       ||    32
         Javelin           |       |     7 |     4 |    17 ||    28
 Invoke: Berserk           |     1 |       |     3 |     5 ||     9
  Evoke: Wand              |       |       |       |     1 ||     1
    Use: Potion            |       |     1 |       |       ||     1
         Scroll            |       |       |    10 |     1 ||    11
 Armour: Ring mail         |    19 |       |       |       ||    19
         Chain mail        |       |    71 |    97 |       ||   168
         Plate armour      |       |       |    18 |   171 ||   189
  Dodge: Dodged            |    29 |    58 |    74 |    83 ||   244
  Block: Kite shield       |       |       |       |   100 ||   100
